 Dungeon Crawl Stone Soup version 0.23.0 (webtiles) character file.

Game seed: 12352211084545719562

2272 dvd the Thaumaturge (level 9, -9/48 HPs)
             Began as a Deep Elf Fire Elementalist on Feb 9, 2019.
             Shot with a sling bullet by Joseph (20 damage)
             ... on level 7 of the Dungeon.
             The game lasted 00:17:50 (6576 turns).

dvd the Thaumaturge (Deep Elf Fire Elementalist)    Turns: 6576, Time: 00:17:51

Health: -9/48      AC:  3    Str:  5    XL:     9   Next: 16%
Magic:  23/23      EV: 14    Int: 24    God:
Gold:   330        SH:  0    Dex: 15    Spells: 11/25 levels left

rFire    . . .     SeeInvis .   r - +0 short sword (elec)
rCold    . . .     Gourm    +   (no shield)
rNeg     . . .     Faith    .   x - +0 robe {MR+}
rPois    .         Spirit   .   (no helmet)
rElec    .         Reflect  .   y - +0 cloak {MR+}
rCorr    .         Harm     .   (no gloves)
MR       ++...                  (no boots)
Stlth    +++.......             C - amulet of the gourmand
HPRegen  0.16/turn              (no ring)
MPRegen  0.18/turn              (no ring)

@: no status effects
A: no striking features
a: no special abilities


You were on level 7 of the Dungeon.
You were not hungry.

You visited 2 branches of the dungeon, and saw 8 of its levels.

You collected 330 gold pieces.

Inventory:

Hand Weapons
 a - a +4 morningstar
 d - a +0 dagger
 g - a +2 mace of draining
 i - a +0 hand axe
 o - a +2 hand axe of flaming
 q - a +2 short sword of venom
 r - a +0 short sword of electrocution (weapon)
 s - a +4 quarterstaff of chaos
 t - a +1 hand axe of freezing
 w - a +2 flail of protection
Armour
 x - a +0 robe of magic resistance (worn)
 y - a +0 cloak of magic resistance (worn)
Jewellery
 C - an amulet of the gourmand (around neck)
Wands
 u - a wand of polymorph (12)
Scrolls
 b - 12 scrolls of identify {unknown}
 e - 2 scrolls of random uselessness {unknown}
 f - a scroll of enchant weapon {unknown}
 j - 2 scrolls of teleportation {unknown}
 l - a scroll of magic mapping {unknown}
 p - 3 scrolls of fear {unknown}
 A - a scroll of remove curse {unknown}
Potions
 h - a potion of heal wounds {unknown}
 k - 4 potions of curing {unknown}
 m - a potion of flight {unknown}
 n - a potion of mutation {unknown}
 v - a potion of invisibility {unknown}
 z - a potion of magic {unknown}
Comestibles
 c - 11 rations
 B - 2 chunks of flesh


   Skills:
 + Level 1.8 Fighting
 + Level 3.1 Short Blades
 + Level 0.5 Maces & Flails
 + Level 3.4 Dodging
 + Level 4.2 Stealth
 + Level 8.8 Spellcasting
 + Level 6.0 Conjurations
 + Level 1.0 Translocations
 + Level 8.1 Fire Magic


You had 11 spell levels left.
You knew the following spells:

 Your Spells              Type           Power        Failure   Level  Hunger
a - Flame Tongue          Conj/Fire      #####        1%          1    None
b - Throw Flame           Conj/Fire      #####.       1%          2    None
c - Blink                 Tloc           N/A          6%          2    None
d - Sticky Flame          Conj/Fire      #####...     3%          4    ##.....
e - Fireball              Conj/Fire      #####.....   9%          5    ####...

Your spell library contained the following spells:

 Spells                   Type           Power        Failure   Level  Hunger
 Magic Dart               Conj           ####         1%          1    None
 Conjure Flame            Conj/Fire      #####...     1%          3    None
 Inner Flame              Hex/Fire       ####....     3%          3    None
 Mephitic Cloud           Conj/Pois/Air  ###.....     8%          3    None
 Call Imp                 Summ           ##......     9%          2    None
 Slow                     Hex            ##......     9%          2    None


Dungeon Overview and Level Annotations

Branches:
Dungeon (7/15)             Temple (1/1) D:6

Altars:
Ashenzari
Cheibriados
Dithmenos
Elyvilon
Fedhas
Gozag
Hepliaklqana
Makhleb
Okawaru
Qazlal
Ru
Trog
Wu Jian
Yredelemnul
The Shining One

Annotations:
D:3 1 runed translucent door, EtherCrawl's ghost, weakling VSFE; Natasha
D:5 1 runed translucent door, HEYYEYAAE's ghost, novice OpHu
D:7 Joseph


Message History

Eating one of 5 chunks of flesh.
You eat one of the 5 chunks of flesh.
This raw flesh is not very appetising.
That was not very filling.
Eating one of 4 chunks of flesh.
You eat one of the 4 chunks of flesh.
This raw flesh is not very appetising.
That was not very filling.
Eating one of 3 chunks of flesh.
You eat one of the 3 chunks of flesh.
This raw flesh is not very appetising.
That was not very filling.
Magic restored.
Joseph shoots a sling bullet.
The sling bullet hits you!!
Ouch! That really hurt!
The sling bullet freezes you!
You see here a sling bullet.
Unknown command.
Joseph shoots a sling bullet.
The sling bullet hits you.
* * * LOW HITPOINT WARNING * * *
The sling bullet freezes you.
* * * LOW HITPOINT WARNING * * *
You see here a sling bullet.
Unknown command.
Joseph shoots a sling bullet.
The sling bullet hits you!!
You die...

... #.# #.# #.#
.#..#####################.#
.#.......................>#
.###..#.###################
##.⌠#...#######
)...#.........###############
.).#####)......#..........÷.#
.......#.......#@##########.#
...+...#..##...#(#....... #.#
..........##...#((....... #.#
....#.##..########.###### #.#
....#.........####.#### #.#
##.⌠#..............(..# #.#
.##..#.#...........@.# #.#
#....#.#.............# #.#
..###.#.............# #.#


You could see Joseph.

Vanquished Creatures
  Grinder (D:5)
  Edmund (D:6)
  2 phantoms
  3 ice beasts
  An ogre (D:4)
  2 centaurs
  4 bullfrogs
  5 wights (D:6)
  A howler monkey (D:4)
  A crimson imp (D:6)
  3 hounds
  2 orc priests (D:6)
  Crazy Yiuf (D:6)
  Terence (D:3)
  Jessica (D:3)
  Natasha (D:3)
  A centaur skeleton (D:4)
  An iguana (D:6)
  3 worker ants
  2 orc wizards
  A hound skeleton (D:4)
  7 gnolls
  A howler monkey skeleton (D:7)
  6 adders
  An ooze (D:1)
  An adder zombie (D:6)
  2 worms
  6 dart slugs
  3 leopard geckos
  18 orcs
  9 bats
  7 giant cockroaches
  5 goblins
  6 hobgoblins
  10 jackals
  2 quokkas
  A ball python (D:4)
  6 kobolds
  8 rats
137 creatures vanquished.

Notes
Turn   | Place    | Note
-------+----------+-------------------------------------------
     0 | D:1      | dvd the Deep Elf Fire Elementalist began the quest for the
                  | Orb.
     0 | D:1      | Reached XP level 1. HP: 10/10 MP: 6/6
   259 | D:1      | Reached XP level 2. HP: 8/15 MP: 0/8
   649 | D:1      | Learned a level 2 spell: Throw Flame
   921 | D:1      | Reached XP level 3. HP: 19/19 MP: 5/9
  1199 | D:2      | Learned a level 2 spell: Blink
  1250 | D:2      | Found a blossoming altar of Fedhas.
  1252 | D:2      | Found an ornate altar of the Wu Jian Council.
  1253 | D:2      | Found a burning altar of Makhleb.
  1756 | D:2      | Reached XP level 4. HP: 24/24 MP: 7/12
  1766 | D:2      | Learned a level 4 spell: Sticky Flame
  2013 | D:3      | Noticed Natasha
  2013 | D:3      | Noticed Jessica
  2038 | D:3      | Found a runed translucent door.
  2038 | D:3      | Noticed EtherCrawl's ghost (weakling VSFE)
  2245 | D:3      | Found an opulent altar of Gozag.
  2321 | D:3      | Reached XP level 5. HP: 28/28 MP: 5/13
  2422 | D:3      | Noticed Terence
  2477 | D:3      | Killed Natasha
  2477 | D:3      | Reached skill level 5 in Fire Magic
  2679 | D:3      | Noticed Natasha
  2870 | D:3      | Killed Terence
  2970 | D:3      | Found a snail-covered altar of Cheibriados.
  2986 | D:3      | Reached skill level 5 in Spellcasting
  3038 | D:3      | Killed Jessica
  3038 | D:3      | Reached XP level 6. HP: 32/32 MP: 7/15
  3883 | D:4      | Reached XP level 7. HP: 37/37 MP: 10/18
  4062 | D:4      | Reached skill level 1 in Fighting
  4178 | D:5      | Entered Level 5 of the Dungeon
  4199 | D:5      | Found a runed translucent door.
  4199 | D:5      | Noticed HEYYEYAAE's ghost (novice OpHu)
  4532 | D:5      | Noticed Grinder
  4537 | D:5      | Killed Grinder
  4537 | D:5      | Reached XP level 8. HP: 41/43 MP: 13/20
  4698 | D:5      | Found a sacrificial altar of Ru.
  4705 | D:5      | Learned a level 5 spell: Fireball
  5009 | D:6      | Found a staircase to the Ecumenical Temple.
  5333 | D:6      | Reached skill level 1 in Short Blades
  5346 | Temple   | Entered the Ecumenical Temple
  5483 | D:6      | Reached skill level 5 in Conjurations
  5694 | D:6      | Noticed Edmund
  5717 | D:6      | Killed Edmund
  6107 | D:6      | Found a runed translucent door.
  6108 | D:6      | Noticed Crazy Yiuf
  6115 | D:6      | Killed Crazy Yiuf
  6350 | D:7      | Reached XP level 9. HP: 48/48 MP: 13/23
  6355 | D:7      | Found a shattered altar of Ashenzari.
  6380 | D:7      | Reached skill level 1 in Translocations
  6502 | D:7      | Noticed Joseph
  6576 | D:7      | Shot with a sling bullet by Joseph

Skill      XL: |  1  2  3  4  5  6  7  8  9 |
---------------+----------------------------+-----
Fire Magic     | 4 5 6 8 |  8.1
Spellcasting   | 4 5 6 7 8 |  8.8
Conjurations   | 2 3 4 5 6 |  6.0
Stealth        | 3 4 |  4.2
Fighting       | 1 |  1.8
Dodging        | 3 |  3.4
Short Blades   | 2 3 |  3.1
Translocations | 1 |  1.0
Maces & Flails | |  0.5

Action                   |  1- 3 |  4- 6 |  7- 9 || total
-------------------------+-------+-------+-------++-------
Melee: Unarmed           |     2 |       |       ||     2
       Mace              |     2 |     3 |       ||     5
       Hand axe          |       |     2 |       ||     2
       Short sword       |       |       |    35 ||    35
 Cast: Flame Tongue      |    68 |    87 |    70 ||   225
       Throw Flame       |    14 |    24 |    13 ||    51
       Sticky Flame      |       |     4 |    17 ||    21
       Blink             |       |     2 |     3 ||     5
       Fireball          |       |       |     6 ||     6
 Stab: Sleeping          |       |     1 |       ||     1
  Eat: Chunk             |     3 |     7 |    20 ||    30
Armor: Robe              |    11 |     2 |    15 ||    28
Dodge: Dodged            |    18 |    22 |    56 ||    96
